 Dungeon Crawl Stone Soup version 0.26-a0-712-ga5a9c9c9d0 (webtiles) character file.

Game seed: 3482904902506597351

(classic levelgen) 14633 EnegeticOcto the Cleaver (level 11, -10/102 HPs)
             Began as a Deep Dwarf Fighter on Nov 4, 2020.
             Was a High Priest of Makhleb.
             Mangled by a spectral boulder beetle (13 damage)
             ... in a Gauntlet.
             The game lasted 00:06:04 (7196 turns).

EnegeticOcto the Cleaver (Deep Dwarf Fighter)       Turns: 7196, Time: 00:06:04

Health: -10/102    AC: 17    Str: 23    XL:     11   Next: 91%
Magic:  4/4        EV:  6    Int:  9    God:    Makhleb [*****.]
Gold:   118        SH: 17    Dex: 12    Spells: 10/10 levels left

rFire    . . .     SeeInvis .   u - +7 war axe "Vifuxtap" {vorpal, Stlth+}
rCold    . . .     Faith    .   c - +1 kite shield
rNeg     . . .     Spirit   .   i - +0 chain mail
rPois    .         Reflect  +   (no helmet)
rElec    .         Harm     .   (no cloak)
rCorr    .         Rampage  .   h - +2 pair of gloves
MR       ++...     NoTele   +   C - +2 pair of boots
Stlth    ..........             z - amulet of reflection
HPRegen  0.00/turn              E - ring of protection from magic
MPRegen  0.09/turn              (no ring)

@: non-regenerating, slowed, heavily drained, very slow
A: damage resistance, heal wounds, sense surroundings 2, no regeneration
a: Heal Wounds, Minor Destruction, Lesser Servant of Makhleb, Major Destruction,
Greater Servant of Makhleb, Renounce Religion


You were in a Gauntlet.
You worshipped Makhleb.
Makhleb was extremely pleased with you.
You visited 2 branches of the dungeon, and saw 13 of its levels.
You also visited: Ossuary and Gauntlet.

You collected 832 gold pieces.
You spent 714 gold pieces at shops.

Inventory:

Hand Weapons
 a - a +0 war axe
 u - the +7 war axe "Vifuxtap" (weapon) {vorpal, Stlth+}
   (You bought it in a shop on level 8 of the Dungeon)

   It inflicts extra damage upon your enemies.
   It makes you more stealthy.
Missiles
 m - 6 throwing nets (quivered)
Armour
 c - a +1 kite shield (worn)
 h - a +2 pair of gloves (worn)
 i - a +0 chain mail (worn)
 C - a +2 pair of boots (worn)
Jewellery
 z - an amulet of reflection (around neck)
 E - a ring of protection from magic (left hand)
Wands
 l - a wand of polymorph (6)
 p - a wand of iceblast (4) {@v2}
 w - a wand of acid (28) {@v1}
Scrolls
 e - 8 scrolls of remove curse {@r2}
 y - 3 scrolls of teleportation {@r3}
 A - a scroll of identify {@r1}
Potions
 b - a potion of brilliance {unknown}
 d - 3 potions of might {@q3}
 f - a potion of mutation
 g - 2 potions of resistance {@q5}
 j - 6 potions of curing {@q1}
 k - a potion of magic
 n - 3 potions of degeneration
 o - 4 potions of haste {@q4}
 q - a potion of berserk rage
 r - 5 potions of heal wounds {unknown}
 s - 2 potions of lignification {unknown}
 t - 2 potions of invisibility {unknown}
 v - 2 potions of cancellation {unknown}
 D - a potion of ambrosia {unknown}
Miscellaneous
 B - a tin of tremorstones (3/3)


   Skills:
 + Level 7.7(5.7) Fighting
 * Level 12.0(9.9) Axes
 + Level 9.3(7.2) Armour
 + Level 9.3(7.3) Shields
 * Level 11.1(9.0) Invocations


You had 10 spell levels left.
You didn't know any spells.
Your spell library was empty.

Dungeon Overview and Level Annotations

Branches:
Dungeon (12/15)            Temple (1/1) D:6            Lair (0/6) D:11
    Orc (0/2) D:10        Ossuary (visited)         Gauntlet (1/1)

Altars:
Ashenzari
Cheibriados
Dithmenos
Elyvilon
Fedhas
Gozag
Kikubaaqudgha
Makhleb
Nemelex Xobeh
Okawaru
Qazlal
Trog
Uskayaw
Wu Jian
Xom
Yredelemnul
Zin
The Shining One

Shops:
D:8 ?(=?[

Annotations:
D:9 1 exclusion Gauntlet 6 transporters, 1 runed translucent door, exclusion: 2 ice statues


Innate Abilities, Weirdness & Mutations

You are resistant to damage.
You can heal yourself by infusing magical energy.
You passively map the area around you.
You do not regenerate.


Message History

Your ynoxinul gestures at the spectral boulder beetle.
The iron shot hits the spectral boulder beetle!
You are too injured to fight recklessly!
You are too injured to fight recklessly!
You are too injured to fight recklessly!
You are too injured to fight recklessly!
You are too injured to fight recklessly!
You are too injured to fight recklessly!
You are too injured to fight recklessly!
You are too injured to fight recklessly!
You are too injured to fight recklessly!
You are too injured to fight recklessly!
You are too injured to fight recklessly!
You are too injured to fight recklessly!
You are too injured to fight recklessly!
You are too injured to fight recklessly!
You are too injured to fight recklessly!
You are too injured to fight recklessly!
You are too injured to fight recklessly!
You are too injured to fight recklessly!
Your magical essence is drained by the effort!
You feel much better. The death scarab bites you.
The death scarab draws strength from your injuries!
The death scarab bites you but does no damage.
You block the death scarab's attack.
The spectral boulder beetle closely misses your ynoxinul.
Your ynoxinul hits the spectral boulder beetle but does no damage.
Your ufetubus hits the spectral boulder beetle but does no damage.
Your ufetubus hits the spectral boulder beetle.
You feel much better. You block the death scarab's attack.
The death scarab bites you.
The death scarab draws strength from your injuries!
The death scarab bites you but does no damage.
Your ufetubus hits the spectral boulder beetle but does no damage. x2
The spectral cane toad hits you! You block the death scarab's attack.
The spectral boulder beetle bites your ynoxinul!
Your ynoxinul dies!
Your ufetubus disappears in a puff of smoke! x2
The spectral cane toad hits you but does no damage.
The death scarab bites you but does no damage.
The death scarab bites you!
The death scarab draws strength from your injuries!
You slash the spectral boulder beetle!
The spectral boulder beetle is moderately damaged.
You barely miss the spectral cane toad.
You hit the death scarab but do no damage. x2
You block the death scarab's attack. The death scarab completely misses you.
You block the death scarab's attack. The spectral cane toad hits you.
The death scarab closely misses you. x2
You block the spectral boulder beetle's attack.
The spectral cane toad hits you! The death scarab bites you!
The death scarab drains your vigour!
You feel as though you will be slow longer.
The death scarab draws strength from your injuries!
The spectral boulder beetle bites you!
You hit the spectral boulder beetle but do no damage.
The spectral boulder beetle is moderately damaged.
You slash the death scarab! You slash the spectral cane toad!
You block the death scarab's attack. The death scarab bites you!!
* * * LOW HITPOINT WARNING * * *
The death scarab drains your vigour!
You feel as though you will be slow longer.
The death scarab draws strength from your injuries!
You block the death scarab's attack.
The spectral cane toad closely misses you.
The death scarab bites you!
* * * LOW HITPOINT WARNING * * *
The death scarab draws strength from your injuries!
The spectral boulder beetle completely misses you.
The spectral cane toad hits you but does no damage.
The death scarab bites you!
* * * LOW HITPOINT WARNING * * *
The death scarab draws strength from your injuries!
You are too injured to fight recklessly!
You are too injured to fight recklessly!
You are too injured to fight recklessly!
You are too injured to fight recklessly!
You are too injured to fight recklessly!
You are too injured to fight recklessly!
You are too injured to fight recklessly!
You are too injured to fight recklessly!
You are too injured to fight recklessly!
You are too injured to fight recklessly!
You are too injured to fight recklessly!
You are too injured to fight recklessly!
You are too injured to fight recklessly!
You are too injured to fight recklessly!
You are too injured to fight recklessly!
You are too injured to fight recklessly!
You feel much better. The death scarab bites you!
* * * LOW HITPOINT WARNING * * *
The death scarab draws strength from your injuries!
The death scarab bites you!
* * * LOW HITPOINT WARNING * * *
The death scarab drains your vigour!
You feel as though you will be slow longer.
The death scarab draws strength from your injuries!
You block the spectral cane toad's attack.
The spectral boulder beetle bites you!
You die...

#≈.#...k?)8#.#...©.=.#.
##.###################.
##≈....#©.........©#....
#≈≈..⌠.#.⌠.⌠.⌠.⌠.⌠.#.⌠..
*#≈....#©.........©#....
##.#########.#########.
#≈.#.##.##.#.#w......#.
≈≈.##BZ#..##.#.8.8.⌠.#.
#≈.###@##.##.#..P.P..#.
##.#B.#Z.#.###D#.©.#.#.
#≈.##.##.###.#..P.P..#.
#≈≈.#$#..#.)#.#.#.
##≈.#.##©##[#.#. ,
##.##*###*##.##* *
*#≈... ... .... ,, , ,
≈≈≈#≈ ≈#..∩ ⌠.∩ * ≈ #≈#
≈#*#. ,...,*** **


You could see a spectral cane toad, a spectral boulder beetle and 2 death
scarabs.

Vanquished Creatures
  Harold (D:7)
  A death knight (D:10)
  A two-headed ogre (D:11)
  An unseen horror (D:10)
  Pikel (D:9)
  2 cyclopes (D:12)
  3 centaur skeletons
  A kobold demonologist (D:11)
  4 hornets
  Prince Ribbit (D:7)
  A wraith (D:12)
  2 wyverns
  A ynoxinul (Gauntlet)
  Eustachio (D:6)
  A spectral cane toad (Gauntlet)
  2 water moccasins (D:10)
  Duvessa (D:6)
  6 orc warriors
  5 ice beasts
  4 sky beasts
  2 black bears
  A phantom (D:8)
  A necrophage (D:9)
  9 ogres
  2 centaurs
  2 lemures (D:9)
  3 big kobolds
  3 elf zombies (Ossuary)
  10 bullfrogs
  A gnoll sergeant (D:3)
  Dowan (D:6)
  15 wights
  14 killer bees
  A howler monkey (D:4)
  3 centaur zombies
  3 quasits
  3 bullfrog zombies
  3 jellies
  8 orc priests
  6 hounds
  A bullfrog skeleton (D:5)
  2 human zombies (Ossuary)
  An iguana (D:4)
  3 iron imps (Gauntlet)
  12 orc wizards
  6 worker ants
  A hound zombie (D:8)
  A hound skeleton (D:5)
  2 mummies (Ossuary)
  12 gnolls
  13 adders
  A shadow imp (D:9)
  2 white imps
  2 ufetubi
  2 adder zombies
  A dart slug (D:5)
  7 leopard geckos
  59 orcs
  11 bats
  5 giant cockroaches
  3 goblins
  4 hobgoblins (D:1)
  13 jackals
  3 quokkas
  A ball python (D:6)
  5 frilled lizards
  A goblin zombie (Ossuary)
  8 hobgoblin zombies (Ossuary)
  A jackal skeleton (D:4)
  3 jackal zombies
  17 kobolds
  9 kobold zombies (Ossuary)
  8 orc zombies (Ossuary)
  A quokka zombie (D:7)
  6 rats
  2 rat zombies (Ossuary)
360 creatures vanquished.

Vanquished Creatures (collateral kills)
  A hydra (D:12)
  A spectral hydra (Gauntlet)
2 creatures vanquished.

Vanquished Creatures (others)
  A fungus (D:5)
  3 plants (D:6)
4 creatures vanquished.

Grand Total: 366 creatures vanquished

Notes
Turn   | Place    | Note
-------+----------+-------------------------------------------
     0 | D:1      | EnegeticOcto the Deep Dwarf Fighter began the quest for the
                  | Orb.
     0 | D:1      | Reached XP level 1. HP: 20/20 MP: 1/1
   123 | D:1      | Reached XP level 2. HP: 25/27 MP: 2/2
   422 | D:3      | Reached skill level 3 in Axes
   422 | D:3      | Reached XP level 3. HP: 31/33 MP: 3/3
   516 | D:3      | Reached XP level 4. HP: 21/42 MP: 4/4
   519 | D:3      | Noticed a gnoll sergeant
   546 | D:3      | Killed a gnoll sergeant
   546 | D:3      | Reached skill level 4 in Axes
   546 | D:3      | Reached XP level 5. HP: 21/49 MP: 4/4
   690 | D:4      | Reached XP level 6. HP: 43/56 MP: 3/3
   822 | D:4      | Found a broken altar of Ashenzari.
   947 | D:4      | Reached skill level 5 in Axes
  1504 | D:5      | Entered Level 5 of the Dungeon
  1536 | D:5      | Found a bloodstained altar of Trog.
  1566 | D:5      | Reached XP level 7. HP: 64/64 MP: 4/4
  1607 | D:5      | Found a blossoming altar of Fedhas.
  1624 | D:5      | Reached skill level 5 in Armour
  1630 | D:5      | Found a stormy altar of Qazlal.
  1700 | D:5      | Found a shimmering altar of Xom.
  1746 | D:5      | Found a sand-covered staircase.
  1777 | D:5      | Reached skill level 5 in Shields
  1786 | Ossuary  | Entered an ossuary
  1858 | Ossuary  | Reached skill level 6 in Axes
  1940 | Ossuary  | Reached XP level 8. HP: 44/73 MP: 5/5
  2142 | D:5      | Reached skill level 7 in Axes
  2773 | D:6      | Reached skill level 5 in Fighting
  2884 | D:6      | Found a staircase to the Ecumenical Temple.
  2946 | Temple   | Entered the Ecumenical Temple
  3180 | Temple   | Became a worshipper of Makhleb the Destroyer
  3266 | D:6      | Found a white marble altar of Elyvilon.
  3267 | D:6      | Noticed Eustachio
  3283 | D:6      | Killed Eustachio
  3283 | D:6      | Reached skill level 8 in Axes
  3283 | D:6      | Reached skill level 1 in Invocations
  3350 | D:6      | Noticed Dowan
  3353 | D:6      | Noticed Duvessa
  3364 | D:6      | Killed Dowan
  3371 | D:6      | Killed Duvessa
  3454 | D:6      | Gained mutation: You passively map the area around you.
                  | [Deep Dwarf growth]
  3454 | D:6      | Reached XP level 9. HP: 58/81 MP: 4/6
  3538 | D:6      | Reached * piety under Makhleb
  4015 | D:7      | Reached skill level 9 in Axes
  4026 | D:7      | Noticed Prince Ribbit
  4037 | D:7      | Reached skill level 5 in Invocations
  4052 | D:7      | Killed Prince Ribbit
  4052 | D:7      | Reached ** piety under Makhleb
  4151 | D:7      | Noticed Harold
  4168 | D:7      | Killed Harold
  4168 | D:7      | Reached XP level 10. HP: 40/91 MP: 7/7
  4376 | D:8      | Found Rophoxzi's Jewellery Shop.
  4404 | D:8      | Found Kioprea's Antique Weapon Boutique.
  4421 | D:8      | Bought a crystal war axe for 280 gold pieces
  4421 | D:8      | Identified the +7 war axe "Vifuxtap" {vorpal, Stlth+} (You
                  | bought it in a shop on level 8 of the Dungeon)
  4427 | D:8      | Found Jeetsasong's Magic Scroll Shop.
  4530 | D:8      | You fall into a shaft and drop 3 floors!
  4573 | D:11     | Reached skill level 10 in Axes
  4575 | D:11     | Found a staircase to the Lair.
  4775 | D:10     | Entered Level 10 of the Dungeon
  5095 | D:10     | Noticed a death knight
  5120 | D:10     | Killed a death knight
  5120 | D:10     | Reached *** piety under Makhleb
  5247 | D:10     | Reached XP level 11. HP: 75/99 MP: 6/6
  5259 | D:10     | Killed an unseen horror
  5346 | D:10     | Reached skill level 11 in Axes
  5401 | D:10     | Found a staircase to the Orcish Mines.
  5619 | D:9      | Noticed Pikel
  5626 | D:9      | Reached **** piety under Makhleb
  5635 | D:9      | Killed Pikel
  5696 | D:9      | Found an iron altar of Okawaru.
  5873 | D:9      | Found a sparkling altar of Nemelex Xobeh.
  5988 | D:8      | Paralysed by a hornet for 1 turns
  6003 | D:8      | Found Awizuf's Antique Armour Shoppe.
  6012 | D:8      | Bought a pair of runed boots for 217 gold pieces
  6017 | D:8      | Bought a pair of embroidered gloves for 217 gold pieces
  6066 | D:8      | Found Ywohoomm's Magic Scroll Shop.
  6375 | D:11     | Reached skill level 10 in Invocations
  6430 | D:11     | Noticed a two-headed ogre
  6439 | D:11     | Killed a two-headed ogre
  6553 | D:11     | Reached ***** piety under Makhleb
  6803 | D:11     | Paralysed by a hornet for 2 turns
  6935 | D:12     | Noticed a seven-headed hydra
  6955 | D:12     | Killed a 12-headed hydra
  7080 | D:12     | Found a gate leading to a gauntlet.
  7096 | Gauntlet | Entered a Gauntlet
  7096 | Gauntlet | Found a transporter.
  7096 | Gauntlet | Found a transporter.
  7096 | Gauntlet | Found a runed translucent door.
  7096 | Gauntlet | Found a runed translucent door.
  7102 | Gauntlet | Found a transporter.
  7102 | Gauntlet | Found a transporter.
  7121 | Gauntlet | Found a transporter.
  7121 | Gauntlet | Found a transporter.
  7125 | Gauntlet | Found a transporter.
  7125 | Gauntlet | Found a transporter.
  7128 | Gauntlet | Found a transporter.
  7128 | Gauntlet | Found a transporter.
  7134 | Gauntlet | Reached skill level 12 in Axes
  7151 | Gauntlet | Noticed a six-headed hydra
  7160 | Gauntlet | Noticed a death scarab
  7167 | Gauntlet | Noticed a death scarab
  7174 | Gauntlet | Found a transporter.
  7196 | Gauntlet | HP: 3/102 [death scarab (9)]
  7196 | Gauntlet | Mangled by a spectral boulder beetle

Illustrated notes

Levels and vault maps discovered:
D:1:      moated_graveyard_arrival, layout_basic, nrook_campfire,
          minmay_split_cup_small
D:2:      layout_rooms, nicolae_ru_sacrificial_ziggurat,
          overflow_temple_1_default, amethyst_overflow_temple_binary
D:3:      layout_loops_corners, chequers_garden, minmay_misc_feat_plants
D:4:      layout_loops_cross, evilmike_ruin_ashenzari, serial_rivers,
          chequers_serial_rivers_micro_d, chequers_serial_rivers_marsh,
          chequers_serial_rivers_small_3, chequers_serial_rivers_large_a,
          chequers_serial_rivers_micro_a
D:5:      layout_loops_cross, grunt_temple_overflow_forces_of_nature,
          nicolae_overflow_crystal_walls, nicolae_ossuary_entry_plus,
          serial_co_window_serial, co_window_paths_b, co_window_corner_a,
          co_window_paths_a, co_window_paths_a, co_window_paths_a,
          co_window_2corner, co_window_of_opportunity_b, co_window_2corner,
          co_window_broadway_b, co_window_unsneaky_path_d, glass_columns_a,
          glass_columns_a, glass_columns_b, glass_columns_a, basic_altar
D:6:      layout_loops_ring, lemuel_round_altar, minmay_temple_entry_mini_moons,
          lexackson_kobold_supper, uniq_eustachio, uniq_duvessa
D:7:      layout_rooms, uniq_prince_ribbit1, uniq_harold
D:8:      layout_basic, serial_shops, shop, shop, shop, shop,
          nicolae_shop_trees, minmay_misc_feat_diagonals
D:9:      layout_roguey, kennysheep_mini, serial_undead, serial_undead_a,
          serial_undead_b, serial_undead_f, serial_undead_e,
          lemuel_centaur_altar, uniq_pikel
D:10:     layout_small_grid, hiddenorc1_lemuel, hex_tiny
D:11:     layout_stronghold, lair_entry_dummy, roderic_batcave
D:12:     layout_basic, gauntlet_entry_generic, basic_altar,
          nicolae_twisting_strands, amethyst_killhole, uniq_josephine
Temple:   minmay_temple_forest_path
Gauntlet: minmay_gauntlet_77_indecision [minmay_gauntlet_arena_77_cramped,
          minmay_gauntlet_arena_77_two_lines,
          minmay_gauntlet_arena_77_chump_sandwich,
          minmay_gauntlet_arena_77_hold_the_fort,
          minmay_gauntlet_arena_77_museum,
          minmay_gauntlet_arena_77_tiled_triplets, gauntlet_exit_watery]

Skill      XL: |  1  2  3  4  5  6  7  8  9 10 11 |
---------------+----------------------------------+-----
Axes           | 3 4 5 6 8 9 10 12 | 12.0
Fighting       | 3 4 5 6 7 |  7.7
Armour         | 4 5 6 7 8 9 |  9.3
Shields        | 4 5 6 7 8 9 |  9.3
Invocations    | 2 6 9 11 | 11.1

Action                   |  1- 3 |  4- 6 |  7- 9 | 10-12 || total
-------------------------+-------+-------+-------+-------++-------
Melee: War axe           |    57 |   165 |   535 |   413 ||  1170
Invok: Lesser Servant of |       |       |       |     4 ||     4
 Abil: Heal Wounds       |     1 |     9 |    19 |    23 ||    52
Evoke: Wand              |       |       |     1 |       ||     1
  Use: Scroll            |       |       |    12 |     7 ||    19
Armor: Scale mail        |    40 |    93 |   179 |       ||   312
       Chain mail        |       |       |   121 |   317 ||   438
Dodge: Dodged            |    13 |    50 |   161 |   156 ||   380
Block: Kite shield       |    29 |    94 |   334 |   391 ||   848
       Reflection        |       |       |       |     4 ||     4

Table legend: (Time is in decaauts)
 A = Elapsed time spent in this place.
 B = Non-inter-level travel time spent in this place.
 C = Inter-level travel time spent in this place.
 D = Time resting spent in this place.
 E = Time spent auto-exploring this place.
 F = Levels seen in this place.
 G = Mean time per level.
                   A        B        C        D        E       F      G
               +--------+--------+--------+--------+--------+-----+--------+
         Total |   7415 |   7050 |    365 |      0 |   4766 |  15 |  494.3 |
       Dungeon |   6765 |   6488 |    277 |      0 |   4486 |  12 |  563.8 |
        Temple |    258 |    170 |     88 |      0 |    168 |   1 |  258.0 |
       Ossuary |    279 |    279 |      0 |      0 |     99 |   1 |  279.0 |
      Gauntlet |    112 |    112 |      0 |      0 |     13 |   1 |  112.0 |
               +--------+--------+--------+--------+--------+-----+--------+

Top non-repeatable levels by time:
     D:5: 1033 daAuts
     D:4: 963 daAuts
     D:6: 890 daAuts
    D:11: 778 daAuts
    D:10: 687 daAuts
     D:8: 540 daAuts
     D:7: 519 daAuts
     D:9: 487 daAuts
     D:1: 364 daAuts
 Ossuary: 279 daAuts
  Temple: 258 daAuts
     D:3: 246 daAuts
    D:12: 235 daAuts
Gauntlet: 112 daAuts
     D:2: 17 daAuts
